 Dungeon Crawl Stone Soup version 0.30.2 (webtiles) character file.

Game seed: 14318743588327190385

93 porpoise the Charlatan (level 4, -10/34 HPs)
             Began as a Gnoll Artificer on Apr 6, 2024.
             Killed by divine providence
             ... invoked by an orc priest
              (17 damage)
             ... on level 3 of the Dungeon.
             The game lasted 00:05:27 (2076 turns).

porpoise the Charlatan (Gnoll Artificer)            Turns: 2076, Time: 00:05:27

Health: -10/34     AC: 10    Str: 13    XL:     4   Next: 62%
Magic:  5/5        EV: 11    Int: 11    God:
Gold:   113        SH:  0    Dex: 12    Spells: 5/5 levels left

rFire   . . .        a - +0 trident
rCold   . . .        (no shield)
rNeg    . . .        g - +0 ring mail
rPois   .            (no helmet)
rElec   .            i - +0 cloak
rCorr   .            m - +2 pair of gloves
SInv    .            (no boots)
Will    .....        (no amulet)
Stlth   +            (no ring)
HPRegen 0.25/turn    (no ring)
MPRegen 0.09/turn

%: no passive effects
@: no status effects
A: fangs 1, strong nose, distributed training
a: no special abilities


You were on level 3 of the Dungeon.
You visited 1 branch of the dungeon, and saw 3 of its levels.

You collected 113 gold pieces.

Inventory:

Hand Weapons
 a - a +0 trident (weapon)
Armour
 g - a +0 ring mail (worn)
 i - a +0 cloak (worn)
 m - a +2 pair of gloves (worn)
Wands
 c - a wand of flame (15) (quivered)
 d - a wand of charming (15)
 e - a wand of iceblast (5)
Scrolls
 f - a scroll of teleportation {unknown}
 j - 3 scrolls of noise {unknown}
 k - a scroll of magic mapping {unknown}
 l - 2 scrolls of identify {unknown}
 n - 3 scrolls of enchant armour {unknown}
 q - a scroll of vulnerability {unknown}
Potions
 b - a potion of magic {unknown}
 h - 2 potions of heal wounds {unknown}
 o - 2 potions of curing {unknown}
 p - a potion of attraction {unknown}


   Skills:
 + Level 2.8 Fighting
 + Level 1.2 Short Blades
 + Level 1.2 Long Blades
 + Level 1.2 Axes
 + Level 1.2 Maces & Flails
 + Level 1.2 Polearms
 + Level 1.2 Staves
 + Level 1.2 Ranged Weapons
 + Level 1.2 Throwing
 + Level 4.7 Armour
 + Level 2.8 Dodging
 + Level 2.6 Stealth
 + Level 1.2 Shields
 + Level 1.2 Unarmed Combat
 + Level 1.2 Spellcasting
 + Level 1.0 Conjurations
 + Level 1.0 Hexes
 + Level 1.0 Summonings
 + Level 1.0 Necromancy
 + Level 1.0 Translocations
 + Level 1.0 Transmutations
 + Level 1.0 Fire Magic
 + Level 1.0 Ice Magic
 + Level 1.0 Air Magic
 + Level 1.0 Earth Magic
 + Level 1.0 Poison Magic
 + Level 1.3 Invocations
 + Level 6.6 Evocations


You had 5 spell levels left.
You didn't know any spells.
Your spell library contained the following spells:

 Spells                   Type           Power      Damage    Failure   Level
 Static Discharge         Conj/Air       4%         2-3/arc   52%         2
 Airstrike                Air            1%         2d(1-17)  99%         4
 Summon Lightning Spire   Summ/Air       2%         N/A       99%         4


Dungeon Overview and Level Annotations

Branches:
Dungeon (3/15)

Altars:

Shops:
D:2 ?


Innate Abilities, Weirdness & Mutations

You have very sharp teeth.
Your uncanny sense of smell can sniff out nearby items.
Your experience applies equally to all skills.


Message History

The orc priest casts a cantrip, but nothing happens.
The orc priest hits you but does no damage.
You see here a worm corpse.
You barely miss the orc priest. You bite the orc priest.
The orc priest is lightly wounded.
The orc hits you with a +0 flail.
The orc priest hits you but does no damage.
Unknown command.
The orc priest barely misses you.
You hit the orc priest.
The orc priest is moderately wounded.
The orc barely misses you. The orc priest hits you with a +0 club.
The orc completely misses you.
The orc priest hits you but does no damage.
You closely miss the orc priest. You bite the orc priest.
The orc priest is moderately wounded.
The orc hits you with a +0 flail.
* * * LOW HITPOINT WARNING * * *
The orc priest hits you but does no damage.
You hit the orc priest but do no damage.
The orc priest is moderately wounded.
The orc barely misses you.
The orc priest begins to cast a cantrip, but forgets the words!
You hit the orc priest. Your punch misses the orc priest.
Your bite misses the orc priest.
The orc priest is heavily wounded.
The orc barely misses you.
The orc priest hits you but does no damage.
You closely miss the orc priest.
The orc priest is heavily wounded.
The orc hits you with a +0 flail.
* * * LOW HITPOINT WARNING * * *
The orc wizard casts a spell.
The orc wizard flickers and vanishes!
Deactivating autopickup; reactivate with Ctrl-A.
The orc priest misses you. The orc closely misses you.
The orc priest invokes the aid of Beogh against you.
Beogh smites you!
Ouch! That really hurt!
You die...

#.# ####.# #.###
########### #.# #.#..
.........# #.# #.#.#
#..#.#.[#####.#
#.#.#####...#.........#
#...............#######
#.#####..##.#.# #
#.#####.......#
#.####.....@o#######
.###.....######o#
..#.#.#.#.#.#.#{#
.#...#o..#.or#or#
#.#.#.#.#.#.#K#.#
...#o..#...#....#
#.#.#.#.#.#.#.#.#
.#...#...#...#..#
#.#.#.#.#.#.#.#.#


You could see an orc priest, an orc and a rat.

Vanquished Creatures
  4 adders
  3 worms
  A dart slug (D:2)
  An orc (D:3)
  A ball python (D:1)
  3 endoplasms
  2 goblins
  5 hobgoblins
  5 jackals
  3 quokkas
  3 bats
  2 frilled lizards
  7 kobolds
  5 rats
45 creatures vanquished.

Notes
Turn   | Place    | Note
-------+----------+-------------------------------------------
     0 | D:1      | porpoise the Gnoll Artificer began the quest for the Orb.
     0 | D:1      | Reached XP level 1. HP: 17/17 MP: 1/1
   340 | D:1      | Reached XP level 2. HP: 23/23 MP: 2/2
   873 | D:2      | Reached XP level 3. HP: 28/28 MP: 3/3
   901 | D:2      | Found a faded altar of an unknown god.
  1102 | D:2      | Reached skill level 1 in Invocations
  1254 | D:2      | Reached skill level 1 in Short Blades
  1254 | D:2      | Reached skill level 1 in Long Blades
  1254 | D:2      | Reached skill level 1 in Axes
  1254 | D:2      | Reached skill level 1 in Maces & Flails
  1254 | D:2      | Reached skill level 1 in Polearms
  1254 | D:2      | Reached skill level 1 in Staves
  1254 | D:2      | Reached skill level 1 in Ranged Weapons
  1254 | D:2      | Reached skill level 1 in Throwing
  1254 | D:2      | Reached skill level 1 in Shields
  1254 | D:2      | Reached skill level 1 in Unarmed Combat
  1254 | D:2      | Reached skill level 1 in Spellcasting
  1452 | D:2      | Reached XP level 4. HP: 34/34 MP: 5/5
  1569 | D:2      | Found Ucwyinyu's Magic Scroll Shoppe.
  1807 | D:3      | Reached skill level 1 in Conjurations
  1807 | D:3      | Reached skill level 1 in Hexes
  1807 | D:3      | Reached skill level 1 in Summonings
  1807 | D:3      | Reached skill level 1 in Necromancy
  1807 | D:3      | Reached skill level 1 in Translocations
  1807 | D:3      | Reached skill level 1 in Transmutations
  1807 | D:3      | Reached skill level 1 in Fire Magic
  1807 | D:3      | Reached skill level 1 in Ice Magic
  1807 | D:3      | Reached skill level 1 in Air Magic
  1807 | D:3      | Reached skill level 1 in Earth Magic
  1807 | D:3      | Reached skill level 1 in Poison Magic
  2076 | D:3      | Killed from afar by an orc priest

Illustrated notes

Levels and vault maps discovered:
D:1:      lemuel_arrival_room, layout_loops_ring
D:2:      layout_loops_ring, serial_shops, shop,
          ebering_ecumenical_altar_sacrificial
D:3:      layout_loops_cross, kennysheep_crisscross

Skill      XL: |  1  2  3  4 |
---------------+-------------+-----
Invocations    | 1 |  1.3
Short Blades   | 1 |  1.2
Long Blades    | 1 |  1.2
Axes           | 1 |  1.2
Maces & Flails | 1 |  1.2
Polearms       | 1 |  1.2
Staves         | 1 |  1.2
Ranged Weapons | 1 |  1.2
Throwing       | 1 |  1.2
Shields        | 1 |  1.2
Unarmed Combat | 1 |  1.2
Spellcasting   | 1 |  1.2
Conjurations   | 1 |  1.0
Hexes          | 1 |  1.0
Summonings     | 1 |  1.0
Necromancy     | 1 |  1.0
Translocations | 1 |  1.0
Transmutations | 1 |  1.0
Fire Magic     | 1 |  1.0
Ice Magic      | 1 |  1.0
Air Magic      | 1 |  1.0
Earth Magic    | 1 |  1.0
Poison Magic   | 1 |  1.0
Fighting       | |  2.8
Armour         | |  4.7
Dodging        | |  2.8
Stealth        | |  2.6
Evocations     | |  6.6

Action                     |  1- 3 |  4- 6 || total
---------------------------+-------+-------++-------
  Melee: Club              |    28 |       ||    28
         Trident           |   120 |    69 ||   189
         Bite              |     6 |     8 ||    14
   Stab: Sleeping          |       |     1 ||     1
 Armour: Leather armour    |     2 |       ||     2
         Ring mail         |    68 |    31 ||    99
  Dodge: Dodged            |    85 |    47 ||   132
